 Dungeon Crawl Stone Soup version 0.20-a0-550-gf70bbbc (webtiles) character file.

319 ololoev the Magician (level 6, -7/44 HPs)
             Began as a Mummy Fire Elementalist on Feb 2, 2017.
             Was a Believer of Yredelemnul.
             Killed by divine providence
             ... invoked by an orc priest
              (13 damage)
             ... on level 4 of the Dungeon.
             The game lasted 00:20:36 (4902 turns).

ololoev the Magician (Mummy Fire Elementalist)      Turns: 4902, Time: 00:20:37

Health: -7/44      AC:  2    Str: 12    XL:     6   Next: 21%
Magic:  0/11       EV: 12    Int: 16    God:    Yredelemnul [**....]
Gold:   183        SH:  0    Dex: 12    Spells: 5/12 levels left

rFire    + . .     SeeInvis .   n - +2 spear (chaos)
rCold    . . .     Gourm    .   a - +0 robe
rNeg     + + +     Faith    .   (no shield)
rPois    ∞         Spirit   .   (no helmet)
rElec    .         Reflect  .   (no cloak)
rCorr    .         Harm     .   (no gloves)
MR       .....                  (no boots)
Stlth    ++........             g - amulet of inaccuracy (curse)
Regen    0.2/turn               k - ring of fire
                                l - ring of protection from fire

@: no status effects
A: no food or potions, fire vulnerability, cold resistance 1, negative energy
resistance 3, torment resistance, unbreathing
a: Animate Remains, Recall Undead Slaves, Injury Mirror, Renounce Religion


Innate Abilities, Weirdness & Mutations

You do not eat or drink.
Your flesh is vulnerable to fire.
You are immune to poison.
Your flesh is cold resistant. (rC+)
You are immune to negative energy. (rN+++)
You are immune to unholy pain and torment.
You can survive without breathing.

Inventory:

Hand Weapons
 f - a +0 blowgun
 n - a +2 spear of chaos (weapon)
 p - a +0 falchion
 r - a +0 dagger
Missiles
 i - a throwing net (quivered)
Armour
 a - a +0 robe (worn)
Jewellery
 g - a cursed amulet of inaccuracy (around neck)
 k - a ring of fire (right hand)
 l - a ring of protection from fire (left hand)
 o - an uncursed ring of see invisible {unknown}
Wands
 h - a wand of enslavement (8/24)
Scrolls
 c - a scroll of teleportation
 d - 2 scrolls of identify
 e - a scroll of fear
 j - a scroll of magic mapping
 m - a scroll of fog
 q - a scroll of blinking
Books
 b - a book of Flames

   Spells                             Type                      Level
   a - Flame Tongue                   Conjuration/Fire             1
   b - Throw Flame                    Conjuration/Fire             2
   c - Conjure Flame                  Conjuration/Fire             3
   d - Inner Flame                    Hexes/Fire                   3
   e - Sticky Flame                   Conjuration/Fire             4
   f - Fireball                       Conjuration/Fire             5


   Skills:
 + Level 2.0 Fighting
 * Level 0.8 Long Blades
 + Level 1.7 Armour
 + Level 2.5 Dodging
 - Level 1.5 Stealth
 + Level 3.5 Spellcasting
 - Level 1.4 Conjurations
 * Level 1.3 Hexes
 + Level 2.8 Fire Magic
 + Level 1.9 Invocations


You had 5 spell levels left.
You knew the following spells:

 Your Spells              Type           Power        Failure   Level  Hunger
a - Flame Tongue          Conj/Fire      ##...        10%         1    N/A
b - Conjure Flame         Conj/Fire      ##......     21%         3    N/A
c - Inner Flame           Hex/Fire       ##......     21%         3    N/A


You were on level 4 of the Dungeon.
You worshipped Yredelemnul.
Yredelemnul was pleased with you.
You were not hungry.

You visited 1 branch of the dungeon, and saw 4 of its levels.

You collected 183 gold pieces.

.... #.# ##..........##
.....#.# ##.........##
..# #..........# ...#
##..........#
......####..............
..##...............#.###
#.....[...#...$..#
##......Z)...#..##
#..####.@o......# #.
##†Z>....#. . ##....###
..### ..# ..# ... #..#
##.

Notes
Turn   | Place    | Note
-------+----------+-------------------------------------------
     0 | D:1      | ololoev the Mummy Fire Elementalist began the quest for the Orb.
     0 | D:1      | Reached XP level 1. HP: 13/13 MP: 4/4
   130 | D:1      | Reached skill level 1 in Conjurations
   279 | D:1      | Reached skill level 3 in Spellcasting
   279 | D:1      | Reached XP level 2. HP: 16/19 MP: 1/6
   881 | D:1      | DEFE: Иду по вольтсам
   900 | D:2      | DEFE: вижу меннас с сакредом
   900 | D:2      | DEFE: ну я прожал коррапт и дальше пошел
   900 | D:2      | ololoev: его замочили?
   900 | D:2      | DEFE: моментально
   900 | D:2      | ololoev: найс!
   900 | D:2      | DEFE: Я корраптом глуркса мочил, н то что меннаса
   900 | D:2      | ololoev: и это при том что он далеко не бумажный
   900 | D:2      | DEFE: Эльфов 3 снес тоже одним корраптом
   900 | D:2      | DEFE: даже жалко стало
   900 | D:2      | DEFE: что экспы не оставили
   900 | D:2      | DEFE: слишком быстро всех убило
   930 | D:2      | ololoev: а я все мумию мучаю
   930 | D:2      | ololoev: с ними надо табать аккуратнее так как пойл нет
   930 | D:2      | ololoev: а непривычно это
   962 | D:2      | Reached XP level 3. HP: 24/24 MP: 4/7
   967 | D:2      | Learned a level 3 spell: Conjure Flame
  1001 | D:2      | Found a basalt altar of Yredelemnul.
  1007 | D:2      | Became a worshipper of Yredelemnul the Dark
  1030 | D:2      | DEFE: а ты возьми Рю
  1033 | D:2      | DEFE: что бы хилятся если что
  1095 | D:2      | ololoev: да я уже брал гозага
  1095 | D:2      | ololoev: все равно затабался в пауках
  1095 | D:2      | DEFE: Гозаг послабее Рю так-то
  1107 | D:2      | DEFE: Рю просто дает возможность табать хорошо
  1114 | D:2      | DEFE: он же стопит треть действий против тебя
  1229 | D:2      | ololoev: nu esli yred ne prokatit ot nado brat ru
  1364 | D:2      | Reached XP level 4. HP: 31/31 MP: 6/8
  1454 | D:2      | Reached skill level 1 in Fighting
  1457 | D:2      | Reached skill level 1 in Armour
  1696 | D:2      | Reached skill level 1 in Invocations
  1707 | D:2      | DEFE: вот смотри на коррапт в действии
  1775 | D:2      | Reached * piety under Yredelemnul
  2442 | D:2      | Found a shimmering altar of Xom.
  2604 | D:3      | Noticed KristoblXynda's ghost (amateur DrMo)
  2696 | D:3      | Found a radiant altar of Vehumet.
  2722 | D:3      | Found an ancient bone altar of Kikubaaqudgha.
  2726 | D:3      | Found a hazy altar of Hepliaklqana.
  2835 | D:3      | Learned a level 3 spell: Inner Flame
  3198 | D:3      | Found a faded altar of an unknown god.
  3775 | D:3      | Reached XP level 5. HP: 37/37 MP: 5/9
  4135 | D:3      | Found a snail-covered altar of Cheibriados.
  4350 | D:4      | Reached skill level 1 in Hexes
  4372 | D:4      | Found a staircase to the Ecumenical Temple.
  4609 | D:4      | DEFE: а саммоны взрываются?
  4609 | D:4      | ololoev: саммоны нет
  4609 | D:4      | ololoev: я вот думаю
  4609 | D:4      | ololoev: что качнуть из пушек
  4609 | D:4      | ololoev: лонги или топоры
  4609 | D:4      | DEFE: что то говно что это
  4609 | D:4      | ololoev: why?
  4609 | D:4      | DEFE: я бы брал лонги наверное под юру
  4609 | D:4      | DEFE: из-за того что скилла меньше надо
  4609 | D:4      | DEFE: на топовые лонги
  4609 | D:4      | ololoev: это да
  4609 | D:4      | ololoev: полярмы не хочу, вроде норм из-за миньонов табать, но скилла ппц надо
  4609 | D:4      | ololoev: на топоры тоже скилл нужен
  4609 | D:3      | DEFE: полярмы на самом деле норм
  4659 | D:3      | DEFE: но демонтрайдент фиг найдешь
  4723 | D:4      | Found Piont's Weapon Shoppe.
  4726 | D:4      | ololoev: o!
  4726 | D:4      | ololoev: wepon shoppe!
  4741 | D:4      | DEFE: ну
  4741 | D:4      | DEFE: так себе
  4741 | D:4      | ololoev: odna hren
  4741 | D:4      | DEFE: +8 копье было бы норм
  4741 | D:4      | DEFE: но когда у тебя будут деньги на него
  4741 | D:4      | DEFE: будет поздно
  4741 | D:4      | ololoev: do leira im potabat samoe ono
  4741 | D:4      | ololoev: no dengi budut tolko k leiru
  4877 | D:4      | Reached XP level 6. HP: 37/44 MP: 7/11
  4882 | D:4      | Reached ** piety under Yredelemnul
  4897 | D:4      | DEFE: лол
  4900 | D:4      | DEFE: я все вспоминаю
  4901 | D:4      | DEFE: как зерканул джаггернаута
  4902 | D:4      | Killed from afar by an orc priest

Dungeon Overview and Level Annotations

Branches:
Dungeon (4/15)             Temple (0/1) D:4

Altars:
Cheibriados
Hepliaklqana
Kikubaaqudgha
Vehumet
Xom
Yredelemnul

Shops:
D:4 (

Annotations:
D:3 KristoblXynda's ghost, amateur DrMo


Message History

Your hound zombie closely misses the orc wizard.
The orc wizard barely misses you.
The orc priest calls upon Beogh to heal the orc wizard.
The orc wizard is healed somewhat.
The orc wizard hits you but does no damage.
Your hound zombie bites the orc wizard.
You see here a hound corpse.
Use which ability? (? or * to list)
You attempt to give life to the dead...
The dead are walking!
The orc wizard barely misses your hound zombie.
Your hound zombie bites the orc wizard but does no damage.
Unknown command.
Unknown command.
The orc wizard hits your hound zombie with a dagger.
Your hound zombie bites the orc wizard.
The orc wizard hits your hound zombie but does no damage.
Things that are here:
a dagger; an orc corpse Unknown command.
You closely miss the orc priest.
Your hound zombie bites the orc wizard.
The orc wizard hits your hound zombie with a dagger.
The orc priest hits you with a mace!
Your hound zombie bites the orc priest.
Your hound zombie closely misses the orc wizard.
Unknown command.
Unknown command.
You barely miss the orc priest.
The orc priest is lightly wounded.
The orc wizard hits your hound zombie but does no damage.
Your hound zombie completely misses the orc priest.
Your hound zombie bites the orc wizard.
The orc priest hits you with a mace.
The orc wizard hits your hound zombie with a dagger!
Your hound zombie is destroyed!
Your hound zombie bites the orc priest.
The orc wizard shouts!
Unknown command.
You closely miss the orc priest.
The orc priest is lightly wounded.
Your hound zombie misses the orc wizard.
Unknown command.
Unknown command.
You barely miss the orc wizard.
The orc wizard is almost dead.
Your hound zombie bites the orc wizard but does no damage.
The orc wizard closely misses your hound zombie.
Your hound zombie bites the orc wizard.
The orc wizard dies!
Yredelemnul accepts your kill.
Your Fighting skill increases to level 2!
Unknown command.
You miss the orc priest.
The orc priest is lightly wounded.
The orc priest hits you with a mace.
Your hound zombie barely misses the orc priest.
Unknown command.
Unknown command.
You barely miss the orc priest.
The orc priest is lightly wounded.
Your hound zombie bites the orc priest.
The orc priest calls down the wrath of Beogh upon you.
Beogh smites you!
Your hound zombie closely misses the orc priest.
Unknown command.
Unknown command.
Press: ? - help, v - describe, . - travel, g - get item A dagger.
There is something else lying underneath.
The floor.
r - a dagger The orc priest hits you with a mace.
Your hound zombie bites the orc priest.
Your hound zombie barely misses the orc priest.
The orc priest misses you.
Things that are here:
a dagger; a robe; an orc corpse Use which ability? (? or * to list)
You attempt to give life to the dead...
The dead are walking!
Your hound zombie bites the orc priest.
The orc priest calls down the wrath of Beogh upon you.
Beogh smites you!
You die...
Yredelemnul claims you as an undead slave.

You could see an orc priest, a friendly hound zombie and a friendly orc wizard zombie.

Vanquished Creatures
  2 hounds (D:4)
  An orc priest (D:3)
  A gnoll (D:2)
  5 adders
  An ooze (D:1)
  2 worms (D:2)
  2 dart slugs
  2 leopard geckos
  9 orcs
  3 giant cockroaches
  6 goblins
  9 hobgoblins
  9 jackals
  3 quokkas
  A ball python (D:2)
  6 bats
  6 frilled lizards
  5 kobolds
  5 rats
78 creatures vanquished.

Vanquished Creatures (collateral kills)
  An orc priest (D:4)
  A bullfrog skeleton (D:4)
  An orc wizard (D:4)
  A worker ant (D:4)
  2 orcs
  A bat (D:3)
  A jackal (D:4)
8 creatures vanquished.

Vanquished Creatures (others)
  A hound zombie (D:4)
  An adder (D:3)
  A dart slug (D:3)
  An orc (D:3)
  2 bat zombies
  2 hobgoblin zombies
  4 jackal zombies
  A leopard gecko zombie (D:3)
  An orc zombie (D:4)
14 creatures vanquished.

Grand Total: 100 creatures vanquished

Action                   |  1- 3 |  4- 6 || total
-------------------------+-------+-------++-------
Melee: Dagger            |     2 |     5 ||     7
       Spear             |       |    80 ||    80
       Club              |       |     5 ||     5
 Cast: Flame Tongue      |    67 |    92 ||   159
       Conjure Flame     |       |     4 ||     4
       Inner Flame       |       |     3 ||     3
Invok: Animate Remains   |       |    21 ||    21
  Use: Scroll            |     6 |     4 ||    10
 Stab: Sleeping          |       |     2 ||     2
       Petrified         |       |     3 ||     3
Armor: Robe              |     4 |    14 ||    18
Dodge: Dodged            |    20 |    65 ||    85

Vault maps used:
D:1:      minmay_arrival_plants_in_alcoves, minmay_tripent
D:2:      overflow_temple_1_default, tgw_xom
D:3:      fiery_altar_vehumet, lemuel_round_altar, minitemple,
          chequers_ecumenical_altar_simple
D:4:      kennysheep_mini, temple_fountains, serial_shops, shop, first_bread,
          corexii_corridor_pit
